3A
ATHLETIC CLUB KC U-24 @ GRAND FORKS CATERPILLARS
08/25/2042
 
TOP OF THE 1ST
Athletic Club KC U-24 batting - Pitching for Grand Forks Caterpillars : RHP Manuel Villanueva
Pitching: RHP Manuel Villanueva
Batting: RHB David Bosingwa 0-0: Ball
1-0: Ball
2-0: Ground out 6-3 (Groundball, 6, EV 99.4 MPH)
Batting: RHB Pedro Píaz 0-0: Ball
1-0: Ball
2-0: DOUBLE (Line Drive, 7LS, EV 111.9 MPH)
Batting: SHB Osvaldo Ardiles 0-0: Ball
1-0: Ball
2-0: Ball
3-0: Base on Balls
Batting: LHB Ramiro Curran 0-0: Foul Ball, location: 2F
0-1: Called Strike
0-2: Strikes out swinging
Batting: LHB Greg Flynn 0-0: Ball
1-0: Called Strike
1-1: SINGLE (Line Drive, 8RS, EV 86.9 MPH)
Pedro Píaz to third
Osvaldo Ardiles to second
Runner from 3rd tries for Home, SAFE, throw by CF to home
Batting: SHB Francisco Rojas 0-0: Ball
1-0: Foul Ball, location: 2F
1-1: Ball
2-1: Ground out 1-3 (Groundball, 13S, EV 65.0 MPH)
Top of the 1st over - 1 run, 2 hits, 0 errors, 2 left on base; Athletic Club KC 1 - Grand Forks 0
BOTTOM OF THE 1ST
Grand Forks Caterpillars batting - Pitching for Athletic Club KC U-24 : LHP Kevin Allen
Pitching: LHP Kevin Allen
Batting: RHB Miguel Bravo 0-0: Called Strike
0-1: Swinging Strike
0-2: Strikes out looking
Batting: SHB Tomás Sánchez 0-0: Called Strike
0-1: Foul Ball, location: 2F
0-2: Ball
1-2: Ball
2-2: Foul Ball, location: 2F
2-2: Foul Ball, location: 2F
2-2: Foul Ball, location: 2F
2-2: Foul Ball, location: 2F
2-2: Foul Ball, location: 2F
2-2: SINGLE (Groundball, 4D, EV 100.6 MPH)
Batting: LHB Kelvin Schmidt 0-0: Ball
1-0: Foul Ball, location: 2F
1-1: Ball
2-1: Ball
3-1: Base on Balls
Tomás Sánchez to second
Batting: RHB Roberto Guerrero 0-0: Foul Ball, location: 2F
0-1: Ball
1-1: Swinging Strike
1-2: Ball
2-2: Strikes out swinging
Batting: RHB Markus Lindsey 0-0: Ball
1-0: Called Strike
1-1: Ball
2-1: Fielders Choice at 2nd, 5-4 (Groundball, 56, EV 101.9 MPH)
Bottom of the 1st over - 0 runs, 1 hit, 0 errors, 2 left on base; Athletic Club KC 1 - Grand Forks 0
TOP OF THE 2ND
Athletic Club KC U-24 batting - Pitching for Grand Forks Caterpillars : RHP Manuel Villanueva
Batting: LHB Derek Robinson 0-0: Ball
1-0: Ball
2-0: Called Strike
2-1: Fly out, F8 (Flyball, 78D, EV 91.9 MPH)
Batting: RHB James Allingham 0-0: SINGLE (Line Drive, 7S, EV 102.5 MPH)
Batting: SHB Emílio Jover 0-0: Ball
1-0: Foul Ball, location: 2F
1-1: Foul Ball, location: 2F
1-2: Strikes out looking
Batting: RHB David Bosingwa 0-0: Swinging Strike
0-1: Ball
1-1: Ball
2-1: SINGLE (Line Drive, 7S, EV 91.9 MPH)
James Allingham to second
Batting: RHB Pedro Píaz 0-0: Called Strike
0-1: Ball
1-1: Ball
2-1: Fielders Choice at 2nd, 6-4 (Groundball, 6, EV 88.1 MPH)
Top of the 2nd over - 0 runs, 2 hits, 0 errors, 2 left on base; Athletic Club KC 1 - Grand Forks 0
BOTTOM OF THE 2ND
Grand Forks Caterpillars batting - Pitching for Athletic Club KC U-24 : LHP Kevin Allen
Pitching: RHP Yun-tae Yi
Batting: RHB Cliff Riley 0-0: Foul Ball, location: 2F
0-1: Ball
1-1: Swinging Strike
1-2: Strikes out swinging
Batting: RHB Dave Horn 0-0: Called Strike
0-1: Foul Ball, location: 2F
0-2: Ball
1-2: Foul Ball, location: 2F
1-2: Strikes out swinging
Batting: LHB Ed Cotton 0-0: Called Strike
0-1: Foul Ball, location: 2F
0-2: Ball
1-2: Ball
2-2: Ball
3-2: Base on Balls
Batting: RHB Juan Morales 0-0: Foul Ball, location: 2F
0-1: Called Strike
0-2: SINGLE (Groundball, 34, EV 86.2 MPH) (infield hit)
Ed Cotton to second
Batting: RHB Miguel Bravo 0-0: Ball
1-0: Fly out, F4 (Popup, 4M, EV 52.5 MPH)
Bottom of the 2nd over - 0 runs, 1 hit, 0 errors, 2 left on base; Athletic Club KC 1 - Grand Forks 0
TOP OF THE 3RD
Athletic Club KC U-24 batting - Pitching for Grand Forks Caterpillars : RHP Manuel Villanueva
Batting: SHB Osvaldo Ardiles 0-0: Ball
1-0: Ball
2-0: DOUBLE (Flyball, 89XD, EV 105.6 MPH)
Batting: LHB Ramiro Curran 0-0: Ball
1-0: 2-RUN HOME RUN (Flyball, 89XD, EV 103.1 MPH), Distance : 421 ft
Batting: LHB Greg Flynn 0-0: Ball
1-0: Ball
2-0: Called Strike
2-1: Called Strike
2-2: Foul Ball, location: 2F
2-2: Ball
3-2: Foul Ball, location: 2F
3-2: Strikes out swinging
Batting: SHB Francisco Rojas 0-0: Called Strike
0-1: Ball
1-1: Called Strike
1-2: Ball
2-2: Ball
3-2: Fly out, F8 (Flyball, 8LM, EV 91.2 MPH)
Batting: LHB Derek Robinson 0-0: Foul Ball, location: 2F
0-1: Fly out, F8 (Line Drive, 8RD, EV 106.2 MPH)
Top of the 3rd over - 2 runs, 2 hits, 0 errors, 0 left on base; Athletic Club KC 3 - Grand Forks 0
BOTTOM OF THE 3RD
Grand Forks Caterpillars batting - Pitching for Athletic Club KC U-24 : RHP Yun-tae Yi
Batting: SHB Tomás Sánchez 0-0: Foul Ball, location: 2F
0-1: Ball
1-1: Ground out 5-3 (Groundball, 56S, EV 85.0 MPH)
Batting: LHB Kelvin Schmidt 0-0: Called Strike
0-1: Foul Ball, location: 2F
0-2: Ball
1-2: Ball
2-2: DOUBLE (Line Drive, 78D, EV 107.5 MPH)
Batting: RHB Roberto Guerrero 0-0: 2-RUN HOME RUN (Flyball, 89XD, EV 106.2 MPH), Distance : 436 ft
Batting: RHB Markus Lindsey 0-0: Ball
1-0: Ball
2-0: Ball
3-0: Called Strike
3-1: Called Strike
3-2: Strikes out swinging
Batting: RHB Cliff Riley 0-0: Called Strike
0-1: Ball
1-1: Foul Ball, location: 2F
1-2: Foul Ball, location: 2F
1-2: Ball
2-2: Foul Ball, location: 2F
2-2: Ball
3-2: Strikes out looking
Bottom of the 3rd over - 2 runs, 2 hits, 0 errors, 0 left on base; Athletic Club KC 3 - Grand Forks 2
TOP OF THE 4TH
Athletic Club KC U-24 batting - Pitching for Grand Forks Caterpillars : RHP Manuel Villanueva
Batting: RHB James Allingham 0-0: Ball
1-0: Fly out, F7 (Line Drive, 7D, EV 86.9 MPH)
Batting: SHB Emílio Jover 0-0: Ball
1-0: Ball
2-0: SINGLE (Groundball, 6D, EV 98.1 MPH)
Batting: RHB David Bosingwa 0-0: Ball
1-0: Called Strike
1-1: DOUBLE (Line Drive, 8RXD, EV 105.6 MPH)
Emílio Jover to third
Batting: RHB Pedro Píaz 0-0: Ball
1-0: Called Strike
1-1: Swinging Strike
1-2: Ball
2-2: Foul Ball, location: 2F
2-2: Foul Ball, location: 2F
2-2: Foul Ball, location: 2F
2-2: SINGLE (Line Drive, 6MD, EV 105.0 MPH)
Emílio Jover scores
David Bosingwa to third
Batting: SHB Osvaldo Ardiles 0-0: Swinging Strike
0-1: Swinging Strike
0-2: Foul Ball, location: 2F
0-2: Ball
1-2: Ball
2-2: Foul Ball, location: 2F
2-2: Strikes out swinging
Batting: LHB Ramiro Curran 0-0: SINGLE (Groundball, 34D, EV 102.5 MPH)
David Bosingwa scores
Pedro Píaz to second
Runner from 2nd tries for 3rd, SAFE, throw by RF made to third
Pitching: RHP Dragoljub Stanisic
Batting: LHB Greg Flynn 0-0: Foul Ball, location: 2F
0-1: Foul Ball, location: 2F
0-2: Ball
1-2: Ball
2-2: Strikes out swinging
Top of the 4th over - 2 runs, 4 hits, 0 errors, 2 left on base; Athletic Club KC 5 - Grand Forks 2
BOTTOM OF THE 4TH
Grand Forks Caterpillars batting - Pitching for Athletic Club KC U-24 : RHP Yun-tae Yi
Batting: RHB Dave Horn 0-0: Ball
1-0: Foul Ball, location: 2F
1-1: Ball
2-1: Ground out 6-3 (Groundball, 6, EV 104.4 MPH)
Batting: LHB Ed Cotton 0-0: Fly out, F9 (Flyball, 9S, EV 84.4 MPH)
Batting: RHB Juan Morales 0-0: Ball
1-0: SINGLE (Line Drive, 34D, EV 96.9 MPH)
Batting: RHB Miguel Bravo 0-0: Called Strike
0-1: Foul Ball, location: 2F
0-2: SINGLE (Groundball, 5, EV 100.6 MPH) (infield hit)
Juan Morales to second
Batting: SHB Tomás Sánchez 0-0: Ball
1-0: Ball
2-0: Ball
3-0: Called Strike
3-1: Foul Ball, location: 2F
3-2: Base on Balls
Juan Morales to third
Miguel Bravo to second
Batting: LHB Kelvin Schmidt 0-0: Ball
1-0: Foul Ball, location: 2F
1-1: Fly out, F9 (Flyball, 89D, EV 103.8 MPH)
Bottom of the 4th over - 0 runs, 2 hits, 0 errors, 3 left on base; Athletic Club KC 5 - Grand Forks 2
TOP OF THE 5TH
Athletic Club KC U-24 batting - Pitching for Grand Forks Caterpillars : RHP Dragoljub Stanisic
Batting: SHB Francisco Rojas 0-0: Ground out 4-3 (Groundball, 4D, EV 86.2 MPH)
Batting: LHB Derek Robinson 0-0: Called Strike
0-1: Swinging Strike
0-2: Ball
1-2: Foul Ball, location: 2F
1-2: Strikes out looking
Batting: RHB James Allingham 0-0: Called Strike
0-1: Ball
1-1: Foul Ball, location: 2F
1-2: Fly out, F8 (Flyball, 8RD, EV 90.6 MPH)
Top of the 5th over - 0 runs, 0 hits, 0 errors, 0 left on base; Athletic Club KC 5 - Grand Forks 2
BOTTOM OF THE 5TH
Grand Forks Caterpillars batting - Pitching for Athletic Club KC U-24 : RHP Yun-tae Yi
Pitching: RHP Juan Andrés Saelices
Batting: RHB Roberto Guerrero 0-0: Swinging Strike
0-1: Ground out 6-3 (Groundball, 6, EV 84.4 MPH)
Batting: RHB Markus Lindsey 0-0: Foul Ball, location: 2F
0-1: Ball
1-1: Called Strike
1-2: Ball
2-2: Strikes out swinging
Batting: RHB Cliff Riley 0-0: Called Strike
0-1: Fly out, F7 (Flyball, 78D, EV 96.2 MPH)
Bottom of the 5th over - 0 runs, 0 hits, 0 errors, 0 left on base; Athletic Club KC 5 - Grand Forks 2
TOP OF THE 6TH
Athletic Club KC U-24 batting - Pitching for Grand Forks Caterpillars : RHP Dragoljub Stanisic
Batting: SHB Emílio Jover 0-0: Called Strike
0-1: Ball
1-1: Fly out, F8 (Flyball, 8LM, EV 97.5 MPH)
Batting: RHB David Bosingwa 0-0: Foul Ball, location: 2F
0-1: Ball
1-1: Ground out 1-3 (Groundball, 15S, EV 70.6 MPH)
Batting: RHB Pedro Píaz 0-0: Called Strike
0-1: Swinging Strike
0-2: Ball
1-2: Strikes out looking
Top of the 6th over - 0 runs, 0 hits, 0 errors, 0 left on base; Athletic Club KC 5 - Grand Forks 2
BOTTOM OF THE 6TH
Grand Forks Caterpillars batting - Pitching for Athletic Club KC U-24 : RHP Juan Andrés Saelices
Batting: RHB Dave Horn 0-0: Foul Ball, location: 2F
0-1: Swinging Strike
0-2: Strikes out swinging
Batting: LHB Ed Cotton 0-0: Ball
1-0: Ball
2-0: Ground out 3-1 (Groundball, 34, EV 83.1 MPH)
Batting: RHB Juan Morales 0-0: Foul Ball, location: 2F
0-1: Called Strike
0-2: Strikes out swinging
Bottom of the 6th over - 0 runs, 0 hits, 0 errors, 0 left on base; Athletic Club KC 5 - Grand Forks 2
TOP OF THE 7TH
Athletic Club KC U-24 batting - Pitching for Grand Forks Caterpillars : RHP Dragoljub Stanisic
Batting: SHB Osvaldo Ardiles 0-0: Ball
1-0: Ball
2-0: Called Strike
2-1: Swinging Strike
2-2: Ball
3-2: Ground out 4-3 (Groundball, 4M, EV 106.2 MPH)
Batting: LHB Ramiro Curran 0-0: Fly out, F9 (Line Drive, 9D, EV 106.2 MPH)
Batting: LHB Greg Flynn 0-0: Ball
1-0: Called Strike
1-1: Ball
2-1: Ground out 5-3 (Groundball, 56, EV 107.5 MPH)
Top of the 7th over - 0 runs, 0 hits, 0 errors, 0 left on base; Athletic Club KC 5 - Grand Forks 2
BOTTOM OF THE 7TH
Grand Forks Caterpillars batting - Pitching for Athletic Club KC U-24 : RHP Juan Andrés Saelices
Batting: RHB Miguel Bravo 0-0: Ball
1-0: Ball
2-0: Swinging Strike
2-1: Called Strike
2-2: SINGLE (Line Drive, 8LS, EV 106.2 MPH)
Batting: SHB Tomás Sánchez 0-0: Ball
1-0: Swinging Strike
1-1: Sac Bunt to 13 - play at first, batter OUT! 1-3
Miguel Bravo to second
Batting: LHB Kelvin Schmidt 0-0: Ground out 5-3 (Groundball, 56S, EV 82.5 MPH)
Batting: RHB Roberto Guerrero 0-0: Fly out, F8 (Flyball, 8RXD, EV 96.9 MPH)
Bottom of the 7th over - 0 runs, 1 hit, 0 errors, 1 left on base; Athletic Club KC 5 - Grand Forks 2
TOP OF THE 8TH
Athletic Club KC U-24 batting - Pitching for Grand Forks Caterpillars : RHP Dragoljub Stanisic
Batting: SHB Francisco Rojas 0-0: Foul Ball, location: 2F
0-1: Ball
1-1: Fly out, F8 (Flyball, 89M, EV 78.1 MPH)
Batting: LHB Derek Robinson 0-0: Ball
1-0: Fly out, F8 (Flyball, 8RXD, EV 100.6 MPH)
Batting: RHB James Allingham 0-0: Ball
1-0: Foul Ball, location: 2F
1-1: Ball
2-1: Foul Ball, location: 2F
2-2: Ball
3-2: Base on Balls
Pitching: LHP Norbert Léonard
Batting: SHB Emílio Jover 0-0: Ball
1-0: Ball
2-0: Ball
3-0: Called Strike
3-1: Swinging Strike
3-2: Foul Ball, location: 2F
3-2: Fly out, F4 (Popup, 34, EV 62.5 MPH)
Top of the 8th over - 0 runs, 0 hits, 0 errors, 1 left on base; Athletic Club KC 5 - Grand Forks 2
BOTTOM OF THE 8TH
Grand Forks Caterpillars batting - Pitching for Athletic Club KC U-24 : RHP Juan Andrés Saelices
Pitching: RHP Jeffrey Strickland
Batting: RHB Markus Lindsey 0-0: Called Strike
0-1: Ball
1-1: Foul Ball, location: 2F
1-2: Ball
2-2: Ball
3-2: Fly out, F8 (Line Drive, 8LM, EV 93.1 MPH)
Batting: RHB Cliff Riley 0-0: Ball
1-0: Fly out, F5 (Popup, 15, EV 46.2 MPH)
Batting: RHB Dave Horn 0-0: Swinging Strike
0-1: Foul Ball, location: 2F
0-2: Ball
1-2: Ball
2-2: SINGLE (Line Drive, 7S, EV 89.4 MPH)
Batting: LHB Ed Cotton 0-0: Called Strike
0-1: Ground out 4-3 (Groundball, 4, EV 81.9 MPH)
Bottom of the 8th over - 0 runs, 1 hit, 0 errors, 1 left on base; Athletic Club KC 5 - Grand Forks 2
TOP OF THE 9TH
Athletic Club KC U-24 batting - Pitching for Grand Forks Caterpillars : LHP Norbert Léonard
Batting: RHB David Bosingwa 0-0: Called Strike
0-1: Ball
1-1: Swinging Strike
1-2: Strikes out looking
Batting: RHB Pedro Píaz 0-0: Called Strike
0-1: SINGLE (Flyball, 8LS, EV 89.4 MPH)
Batting: SHB Osvaldo Ardiles 0-0: Ball
1-0: Grounds into double play, 6-4-3 (Groundball, 6, EV 108.8 MPH)
Top of the 9th over - 0 runs, 1 hit, 0 errors, 0 left on base; Athletic Club KC 5 - Grand Forks 2
BOTTOM OF THE 9TH
Grand Forks Caterpillars batting - Pitching for Athletic Club KC U-24 : RHP Jeffrey Strickland
Batting: RHB Juan Morales 0-0: Ball
1-0: Ball
2-0: Called Strike
2-1: SINGLE (Groundball, 4M, EV 90.6 MPH) (infield hit)
Pitching: RHP Vicente Solís
Batting: RHB Miguel Bravo 0-0: Ball
1-0: Swinging Strike
1-1: Foul Ball, location: 2F
1-2: Ball
2-2: SINGLE (Line Drive, 9S, EV 93.1 MPH)
Juan Morales to second
Batting: SHB Tomás Sánchez 0-0: Ball
1-0: Called Strike
1-1: Fielders Choice at 2nd, 3-6 (Groundball, 3, EV 88.8 MPH)
Juan Morales to third
Batting: LHB Kelvin Schmidt 0-0: Ball
1-0: Ball
2-0: Ball
3-0: Called Strike
3-1: Base on Balls
Tomás Sánchez to second
Pinch Hitting: LHB Henri de Beeld 0-0: Foul Ball, location: 2F
0-1: Ball
1-1: Ball
2-1: Foul Ball, location: 2F
2-2: Ball
3-2: Base on Balls
Juan Morales scores
Tomás Sánchez to third
Kelvin Schmidt to second
Pinch Hitting: LHB Oscar Finley 0-0: Reached via error on a dropped throw from 2B, E6 (Groundball, 34, EV 108.1 MPH)
Tomás Sánchez scores
Kelvin Schmidt to third
Henri de Beeld to second
Pinch Hitting: LHB Mike Washington 0-0: Called Strike
0-1: Foul Ball, location: 2F
0-2: Ball
1-2: Strikes out swinging
Pinch Hitting: LHB Jimmy McComb 0-0: Ball
1-0: Fly out, F7 (Flyball, 7, EV 86.2 MPH)
Bottom of the 9th over - 2 runs, 2 hits, 1 error, 3 left on base; Athletic Club KC 5 - Grand Forks 4
Friday, March 26th, 2021 - OOTP Baseball 20.8 Build 74